 Dungeon Crawl Stone Soup version 0.31-a0-232-gb1c03b2570 (webtiles) character file.

Game seed: 8207767691154925588

477 qw the Shooter (level 7, -6/43 HPs)
             Began as a Gargoyle Hexslinger on July 7, 2023.
             Was an Initiate of Okawaru.
             Mangled by a gnoll
             ... wielding a +1 heavy flail
             ... led by a gnoll bouda
              (17 damage)
             ... on level 5 of the Dungeon.
             The game lasted 00:01:30 (3195 turns).

qw the Shooter (Gargoyle Hexslinger)                Turns: 3195, Time: 00:01:31

Health: -6/43      AC: 10    Str: 18    XL:     7   Next: 11%
Magic:  8/8        EV: 11    Int: 13    God:    Okawaru [......]
Gold:   197        SH:  0    Dex: 20    Spells: 7/8 levels left

rFire   . . .        Y - +0 shortbow
rCold   . . .        (shield currently unavailable)
rNeg    + . .        p - +0 ring mail
rPois   inf          (no helmet)
rElec   +            (no cloak)
rCorr   .            (no gloves)
SInv    .            (no boots)
Will    .....        (no amulet)
Stlth   +            l - +6 ring of dexterity
HPRegen 0.27/turn    m - +6 ring of strength
MPRegen 0.11/turn

%: no passive effects
@: no status effects
A: sickness immunity, AC +4, negative energy resistance 1, electricity
resistance, torment resistance 1, petrification resistance
a: Renounce Religion


You were on level 5 of the Dungeon.
You worshipped Okawaru.
Okawaru was noncommittal.
You visited 1 branch of the dungeon, and saw 5 of its levels.

You collected 197 gold pieces.


Innate Abilities, Weirdness & Mutations

You are immune to sickness and miasma.
Your stone body is resilient. (AC +4)
You are immune to poison.
You resist negative energy. (rN+)
You are resistant to electric shocks. (rElec)
You are resistant to unholy torment.
You are immune to petrification.


   Skills:
 - Level 4.0 Fighting
 + Level 6.3 Ranged Weapons
 - Level 1.1 Armour
 - Level 1.6 Dodging
 - Level 1.0 Spellcasting
 - Level 2.6 Hexes


You had 7 spell levels left.
You knew the following spells:

 Your Spells              Type           Power      Damage    Failure   Level
a - Slow                  Hex            28%        N/A       17%         1

Your spell library contained the following spells:

 Spells                   Type           Power      Damage    Failure   Level
 Inner Flame              Hex/Fire       4%         N/A       65%         3
 Portal Projectile        Hex/Tloc       8%         N/A       65%         3
 Cause Fear               Hex            3%         N/A       86%         4

Inventory:

Hand Weapons
 Y - a +0 shortbow (weapon)
Armour
 p - a +0 ring mail (worn)
Jewellery
 d - a ring of fire
 l - a +6 ring of dexterity (left hand)
 m - a +6 ring of strength (right hand)
Scrolls
 a - a scroll of identify
 b - 2 scrolls of enchant armour
Potions
 c - 2 potions of resistance
 e - a potion of berserk rage {unknown}
 g - a potion of mutation {unknown}
 h - a potion of attraction {unknown}
 i - a potion of curing {unknown}
 j - a potion of heal wounds {unknown}
 n - a potion of degeneration {unknown}

Dungeon Overview and Level Annotations

Branches:
Dungeon (5/15)
 Temple: D:4-7

Altars:
Hepliaklqana
Okawaru
Xom

Annotations:
D:4 1 runed translucent door, qw's ghost, amateur GrHs


Message History

The gnoll bouda hits you but does no damage.
You shoot an arrow. The arrow hits the gnoll!
You kill the gnoll!
Okawaru accepts your kill. The gnoll bouda misses you.
You shoot an arrow.
The arrow barely misses the gnoll bouda.
The arrow hits the gnoll.
The gnoll is moderately wounded.
The gnoll bouda hits you with a +0 whip!
You shoot an arrow.
The arrow hits the gnoll bouda but does no damage.
You shoot an arrow. The arrow hits the gnoll bouda.
The gnoll bouda is moderately wounded.
Your attacks no longer feel as feeble.
The gnoll bouda barely misses you. The gnoll hits you with a +0 flail!
The gnoll hits you with a +0 flail.
The gnoll bouda hits you with a +0 whip.
You shoot an arrow.
The arrow barely misses the gnoll bouda.
The gnoll bouda hits you with a +0 whip.
The gnoll barely misses you.
You shoot an arrow. The arrow hits the gnoll bouda.
The gnoll bouda is heavily wounded.
The gnoll bouda barely misses you. The gnoll hits you but does no damage.
You shoot an arrow. The arrow hits the gnoll bouda!
The gnoll bouda is almost dead.
The gnoll is no longer moving quickly.
The gnoll bouda hits you but does no damage.
The gnoll hits you but does no damage.
You shoot an arrow. The arrow hits the gnoll bouda.
You kill the gnoll bouda!
Okawaru accepts your kill.
The gnoll is no longer moving quickly. x2; The centaur wields a +0 orcbow.
The centaur shoots an arrow.
The arrow closely misses you.
You shoot an arrow. The arrow hits the gnoll!
The gnoll is almost dead.
The gnoll hits you with a +0 flail.
The gnoll hits you with a +1 heavy flail!
You die... #+###.... #....... ##...... ...... .... #cg

#g###
##@g.###
#......##
#..###...###
#.##
##....#... #.
##......... #
#..#......#
###''###..###
#......#.##
#.}.%}.# #


You could see a centaur and 3 gnolls.

Vanquished Creatures
  A water moccasin (D:4)
  An ogre (D:3)
  An orc priest (D:4)
  A gnoll bouda (D:5)
  An iguana (D:5)
  5 gnolls
  5 adders
  A white imp (D:5)
  A worm (D:4)
  6 dart slugs
  5 orcs (D:4)
  3 ball pythons
  2 bats
  5 endoplasms
  3 giant cockroaches
  11 goblins
  7 hobgoblins
  9 jackals
  3 quokkas
  A frilled lizard (D:2)
  4 kobolds
  6 rats
  A spectral goblin (D:4)
83 creatures vanquished.

Notes
Turn   | Place    | Note
-------+----------+-------------------------------------------
     0 | D:1      | qw the Gargoyle Hexslinger began the quest for the Orb.
     0 | D:1      | Reached XP level 1. HP: 12/12 MP: 2/2
     0 | D:1      | 0 ||| qw: Version: 0.3-a-46-gb1f654a
     0 | D:1      | 0 ||| qw: Game counter: 2778
     0 | D:1      | 0 ||| qw: Melee chars always use a shield: true
     0 | D:1      | 0 ||| qw: God list: Okawaru
     0 | D:1      | 0 ||| qw: Allow faded altars: false
     0 | D:1      | 0 ||| qw: Do Orc after clearing Dungeon:15 true
     0 | D:1      | 0 ||| qw: Do second Lair branch before Depths: true
     0 | D:1      | 0 ||| qw: Lair rune preference: random
     0 | D:1      | 0 ||| qw: Goals: Normal
     0 | D:1      | 0 ||| PLANNING D:1-11
   132 | D:1      | Reached XP level 2. HP: 16/16 MP: 3/3
   326 | D:1      | 326 ||| FLEEEEING.
   327 | D:1      | 327 ||| FLEEEEING.
   328 | D:1      | 328 ||| FLEEEEING.
   377 | D:1      | Reached skill level 3 in Ranged Weapons
   614 | D:1      | Reached XP level 3. HP: 14/21 MP: 4/4
  1091 | D:1      | 1091 ||| UPGRADING to +0 leather armour.
  1101 | D:1      | 1101 ||| DROPPING +0 robe.
  1102 | D:1      | 1102 ||| DROPPING amulet of magic regeneration.
  1103 | D:1      | 1103 ||| READING 2 scrolls labelled XUUSAI QE FYU.
  1104 | D:1      | 1104 ||| READING scroll labelled ZINKEM KIMOTEU.
  1105 | D:1      | 1105 ||| READING scroll labelled UNEOGUPROWN.
  1106 | D:1      | 1106 ||| DRINKING 2 lumpy purple potions.
  1150 | D:1      | 1150 ||| DROPPING scroll of poison.
  1151 | D:1      | 1151 ||| DROPPING potion of lignification.
  1268 | D:2      | Reached XP level 4. HP: 24/26 MP: 5/5
  1346 | D:2      | Reached skill level 4 in Ranged Weapons
  1455 | D:2      | Reached XP level 5. HP: 18/30 MP: 6/6
  1475 | D:2      | 1475 ||| FLEEEEING.
  1476 | D:2      | 1476 ||| FLEEEEING.
  1747 | D:2      | 1747 ||| STAIRDANCE
  1762 | D:1      | 1762 ||| READING 2 scrolls labelled CEZIANOUXY.
  1763 | D:1      | 1763 ||| READING scroll labelled PEICLOO YHOASH.
  2024 | D:3      | Found an iron altar of Okawaru.
  2025 | D:3      | 2025 ||| PLANNING OKAWARU WORSHIP
  2025 | D:3      | 2025 ||| SWAPPING to +0 shortbow.
  2026 | D:3      | 2026 ||| DROPPING +1 sling.
  2027 | D:3      | 2027 ||| DRINKING 2 brown potions.
  2044 | D:3      | Became a worshipper of Warmaster Okawaru
  2045 | D:3      | 2045 ||| PLANNING D:1-11
  2061 | D:3      | Reached skill level 5 in Ranged Weapons
  2329 | D:3      | 2329 ||| UPGRADING to +6 ring of dexterity.
  2337 | D:4      | Noticed an ogre
  2344 | D:4      | 2344 ||| STAIRDANCE
  2346 | D:3      | Killed an ogre
  2347 | D:3      | Reached skill level 3 in Fighting
  2347 | D:3      | Reached XP level 6. HP: 24/38 MP: 7/7
  2502 | D:4      | 2502 ||| Stepping ~*~*~tactically~*~*~ (outnumbered).
  2514 | D:4      | HP: 8/38 [orc priest/+0 flail (3)]
  2724 | D:4      | Noticed a water moccasin
  2733 | D:4      | Killed a water moccasin
  2734 | D:4      | Reached skill level 6 in Ranged Weapons
  2802 | D:4      | Found a shimmering altar of Xom.
  2851 | D:4      | Found a runed translucent door.
  2854 | D:4      | Noticed qw's ghost (amateur GrHs)
  2922 | D:4      | Found a hazy altar of Hepliaklqana.
  3012 | D:4      | 3012 ||| UPGRADING to +0 ring mail.
  3022 | D:4      | 3022 ||| DROPPING +0 leather armour.
  3023 | D:4      | 3023 ||| UPGRADING to +6 ring of strength.
  3024 | D:4      | 3024 ||| READING scroll labelled COILOKK UXZOI.
  3025 | D:4      | 3025 ||| READING scroll labelled XULICE MUQIE.
  3053 | D:4      | 3053 ||| READING scroll labelled VEKUCRAJECH.
  3068 | D:5      | Entered Level 5 of the Dungeon
  3083 | D:5      | Reached skill level 1 in Armour
  3083 | D:5      | Reached XP level 7. HP: 25/42 MP: 8/8
  3195 | D:5      | Mangled by a gnoll

Levels and vault maps discovered:
D:1:      eino_arrival_druids_welcome, layout_loops_corners,
          chequers_hall_statues_y
D:2:      layout_loops_ring
D:3:      layout_rooms, mainiacjoe_overflow_brackets, kennysheep_pointless_box
D:4:      layout_cave_pools, lemuel_crystal_altar,
          nicolae_hepliaklqana_monster_ancestors,
          hellmonk_ghost_happy_afterlife, nicolae_figureground_sparkle
D:5:      layout_layer_cave, kennysheep_little_box,
          nicolae_overflow_two_pavilions, kennysheep_generic_room_15

Skill      XL: |  1  2  3  4  5  6  7 |
---------------+----------------------+-----
Ranged Weapons | 3 4 5 6 |  6.3
Fighting       | 2 3 4 |  4.0
Armour         | 1 |  1.1
Dodging        | |  1.6
Spellcasting   | |  1.0
Hexes          | |  2.6

Action                     |  1- 3 |  4- 6 |  7- 9 || total
---------------------------+-------+-------+-------++-------
   Fire: Sling             |   158 |    87 |       ||   245
         Shortbow          |       |   103 |    24 ||   127
    Use: Scroll            |     3 |     5 |       ||     8
         Potion            |     1 |     1 |       ||     2
 Armour: Robe              |    46 |       |       ||    46
         Leather armour    |     9 |    36 |       ||    45
         Ring mail         |       |     7 |     8 ||    15
  Dodge: Dodged            |    91 |    74 |    10 ||   175

Table legend:
 A = Non-vault XP
 B = Vault XP
 C = Vault XP percentage of total XP
 D = Non-vault monster count
 E = Vault monster count
 F = Vault count percentage of total count
                 A         B        C        D         E       F
            +---------+---------+-------+---------+---------+-------
      Total |     630 |      52 |   7.6 |      79 |       4 |   4.8
            +---------+---------+-------+---------+---------+-------
        D:1 |      60 |       0 |   0.0 |      30 |       0 |   0.0
        D:2 |     121 |       0 |   0.0 |      23 |       0 |   0.0
        D:3 |     159 |       0 |   0.0 |       8 |       0 |   0.0
        D:4 |     235 |       3 |   1.3 |      16 |       2 |  11.1
        D:5 |      55 |      49 |  47.1 |       2 |       2 |  50.0
            +---------+---------+-------+---------+---------+-------
